[Event "34th MPL National U14-ch 2022"]
[Site "Ahmedabad"]
[Date "2022.05.11"]
[Round "5.5"]
[White "Sahib Singh"]
[Black "Arpith S Bijoy"]
[Result "0-1"]
[ECO "B17"]
[WhiteElo "1991"]
[BlackElo "1713"]
[Annotator "TA"]
[PlyCount "108"]
[EventDate "2022.05.09"]
[EventType "swiss"]
[EventCountry "IND"]
[SourceTitle "playchess.com"]
[Source "ChessBase"]
[SourceQuality "1"]
[TimeControl "5400+30"]

1. e4 c6 2. d4 d5 3. Nc3 dxe4 4. Nxe4 Nd7 5. Nf3 Ngf6 6. Nxf6+ Nxf6 7. Bc4 Bf5 8. O-O e6 9. c3 Be7 10. Ne5 O-O {[%emt 0:02:58] B17: Caro-Kann: Modern Line (4...Nd7).} 11. Be3 {[%emt 0:03:36] [#]} Rc8 $146 ({Predecessor:} 11... Qc7 12. Qb3 c5 13. Rfe1 Bd6 14. Bf4 cxd4 15. cxd4 Rad8 16. Rac1 Qb8 17. f3 Nd7 18. Bg5 Nxe5 19. dxe5 {0-1 (53) Shkuratov,V (1869)-Dudarev,V (2127) St Petersburg 2019}) 12. Qe2 Nd5 {[%emt 0:03:04] The position is equal.} 13. Bd3 Bxd3 14. Nxd3 Bd6 15. Bd2 Qf6 16. Rad1 Nf4 17. Bxf4 Bxf4 18. Ne5 Rfd8 19. Rd3 Bxe5 20. dxe5 Qg5 21. f4 Qe7 22. Rfd1 Rd5 23. Qe3 b5 24. b3 Rcd8 25. c4 bxc4 26. bxc4 Rxd3 27. Rxd3 Rxd3 28. Qxd3 $15 {[%emt 0:00:06][%mdl 4096] Endgame KQ-KQ} Qc5+ 29. Kf1 h6 30. h4 Qe7 31. g3 h5 32. Qd6 Qb7 {[%emt 0:00:24] White must now prevent ...Qb1+.} 33. Qd8+ Kh7 {[%emt 0:00:14] [#] And now ...Qb1+ would win.} 34. Qd3+ g6 35. Qb3 Qd7 36. Kg2 Qd2+ 37. Kh3 (37. Kg1 $11 {keeps the balance.}) 37... Qe1 (37... Kg7 $17 {Strongly threatening ...c5.} 38. Qa4 Qf2) 38. Qf3 $11 c5 {[%emt 0:00:12] Threatens to win with ...Qc1.} 39. Qb7 $2 {[%emt 0:00:23][%mdl 8192] This costs White the game.} (39. Kg2 $11) 39... Kg7 $19 {[%emt 0:00:07] aiming for ...Qf1+.} 40. Kg2 {[%emt 0:00:49] Prevents Qf1+.} (40. Qg2 {was worth a try.} Qb1 41. Kh2) 40... Qe2+ 41. Kh3 Qxa2 42. Qe7 Qb1 ({Not} 42... Qxc4 43. Qf6+ Kg8 44. Qd8+ Kh7 45. Qe7 $11) 43. Kh2 {[%emt 0:00:34] Inhibits Qh1+.} (43. Qf6+ Kg8 44. Qd8+ Kh7 45. Kg2) 43... Qc2+ 44. Kh3 Qd1 45. Kg2 {[%emt 0:00:31] Against Qh1+} Qe2+ 46. Kg1 Qf3 47. Qf6+ Kg8 48. Qd8+ Kh7 49. Kh2 Qf2+ 50. Kh3 {[%emt 0:00:37] [#]} Qg1 $1 51. Qa8 a5 52. Qf3 Kg7 (52... Kh6 $142 53. Qa8 Kg7 54. Qf3 a4 55. Qe4 a3 56. Qa8 Qf1+ 57. Kh2 Qf2+ 58. Kh3 Qg1 59. Qg2 Qxg2+ 60. Kxg2 a2 61. Kf3 a1=Q 62. Ke3 Qd1 63. f5 gxf5 64. Kf2 Kh6 65. Kg2 Qe1 66. Kf3 Qd2 67. g4 fxg4+ 68. Kg3 Qe2 69. Kf4 Qf3#) 53. f5 gxf5 {[%emt 0:00:07] ( -> ...a4)} 54. Qc6 a4 {[%emt 0:00:07] Weighted Error Value: White=0.82/Black=0.26 (precise)} 0-1

[Event "34th MPL National U14-ch 2022"]
[Site "Ahmedabad"]
[Date "2022.05.11"]
[Round "5.6"]
[White "Bharadia Yash"]
[Black "Gandhi, Aakash"]
[Result "1-0"]
[ECO "C06"]
[WhiteElo "1924"]
[BlackElo "1698"]
[Annotator "TA"]
[PlyCount "115"]
[EventDate "2022.05.09"]
[EventType "swiss"]
[EventCountry "IND"]
[SourceTitle "playchess.com"]
[Source "ChessBase"]
[SourceQuality "1"]
[TimeControl "5400+30"]

1. e4 e6 2. d4 d5 3. Nd2 Nf6 4. e5 Nfd7 5. Bd3 c5 6. c3 Nc6 7. Ne2 cxd4 8. cxd4 Qb6 9. Nf3 f6 10. exf6 Nxf6 11. O-O Bd6 12. b3 O-O 13. Bf4 Nxd4 {[%emt 0:06:51] C06: French Tarrasch: 3...Nf6 4 e5 Nfd7 5 Bd3 main lines.} 14. Nfxd4 Bxf4 ({Black should play} 14... e5 $14) 15. Nxf4 $16 {[%emt 0:00:02][%cal Of4h5] Pair of Knights!} e5 {[%emt 0:00:06] [#] White is better.} 16. Nxd5 $1 Nxd5 {[%emt 0:02:04] [#]} 17. Qh5 $1 Nf6 (17... exd4 $2 {leads to mate.} 18. Bxh7+ Kh8 19. Bg6+ Kg8 20. Qh7#) 18. Qxe5 {[%emt 0:01:39] [#] 0x0.0026dcc75ba1dp-1022s more active pieces.} Bg4 $146 ({Predecessor:} 18... Re8 19. Qf4 Bg4 20. Nf3 Bxf3 21. Qxf3 a5 22. Rad1 Qb4 23. h3 Re7 24. g4 h6 {1-0 (40) Heinrich,M (2144)-Kahn,M (2208) Leutersdorf 2000}) 19. Nb5 Rad8 20. Bc4+ Kh8 21. Rae1 a6 {[%emt 0:00:00] aiming for ...Nd7.} 22. Nc3 Rde8 23. Qg3 Qd4 24. h3 Bh5 25. a4 {[%emt 0:01:19] Against b5} h6 26. Re3 $40 {[%emt 0:04:57][%mdl 128] White goes for the king.} Qd2 27. Be6 Re7 28. Rfe1 Rfe8 29. f4 (29. Ne4 $16 Nxe4 30. Rxe4) 29... Bf7 (29... Qd4 $14 30. Kh1 Qd6) 30. f5 (30. Rd1 $16 Qb2 31. Re2) 30... Bh5 ({Black should try} 30... Bxe6 $14 31. Rxe6 (31. fxe6 Qd8 $14) 31... Rxe6 32. Rxe6 (32. fxe6 Qc2 $16) 32... Qb2) 31. Qf2 (31. Ne4 $18 Qd4 32. Kh2) 31... Qd4 32. Ne4 Bf7 $2 {[%emt 0:00:00][%mdl 8192] [#]} (32... Rd8 $16 33. Qc2 Nd5 34. Bxd5 Rxd5) 33. Bxf7 $1 $18 Rxf7 {[%emt 0:00:00] [#]} 34. Ng5 Rff8 {[%emt 0:00:00] Hoping for ...Rxe3.} 35. Ne6 Rxe6 36. fxe6 Re8 37. Rf3 Qxf2+ 38. Kxf2 {[%emt 0:00:13][%mdl 4096] Endgame KRR-KRN} Kg8 39. Rc3 Re7 40. Kf3 Kh7 41. Rd3 g5 42. g4 Kg6 43. b4 Rc7 44. b5 axb5 45. axb5 Kg7 46. Rd8 Re7 47. b6 Ne8 48. Rd7 Kf6 49. Kg3 Ng7 50. Rc7 {[%emt 0:00:19] White wants to mate with Rf1+.} Nxe6 51. Rf1+ {[%emt 0:00:20] White mates.} Nf4 52. Rxe7 Kxe7 53. Rxf4 gxf4+ 54. Kxf4 {[%emt 0:00:02] K3P-KPP} Ke6 55. h4 Kf6 56. Ke4 Ke6 57. g5 h5 58. Kf4 {[%emt 0:00:03] Weighted Error Value: White=0.11 (very precise) /Black=0.50} 1-0

[Event "34th MPL National U14-ch 2022"]
[Site "Ahmedabad"]
[Date "2022.05.11"]
[Round "5.7"]
[White "Jaidambareesh N R"]
[Black "Shankhodip De"]
[Result "1-0"]
[ECO "D02"]
[WhiteElo "1521"]
[BlackElo "1810"]
[Annotator "NA RC COMBH"]
[PlyCount "61"]
[EventDate "2022.05.09"]
[EventType "swiss"]
[EventCountry "IND"]
[SourceTitle "playchess.com"]
[Source "ChessBase"]
[SourceQuality "1"]
[TimeControl "5400+30"]

1. Nf3 c5 2. g3 Nc6 3. d4 cxd4 4. Nxd4 e5 5. Nxc6 bxc6 6. Bg2 Nf6 7. O-O d5 (7... h5 $11 {might be stronger.}) 8. c4 Be7 9. Bg5 Be6 10. Qa4 ({White should try} 10. Nc3 $14) 10... O-O 11. Bxf6 Bxf6 12. cxd5 (12. Rd1 $11) 12... cxd5 13. Nc3 e4 14. Rad1 Bxc3 15. bxc3 Qc7 16. Qd4 Rfc8 (16... Rac8 $15 {is superior.}) 17. f3 f5 18. Bh3 (18. g4 $5 ) 18... g6 ({Much less strong is} 18... Qxc3 19. fxe4 Qxd4+ 20. Rxd4 $14) (18... Qc5 $15) 19. g4 $1 Qxc3 20. gxf5 gxf5 21. fxe4 $1 Qxd4+ ({Less strong is} 21... Qxh3 22. Rd3 Rc4 23. Qf6 Qg4+ 24. Rg3 Rxe4 25. Rxg4+ Rxg4+ 26. Kf2 $18) 22. Rxd4 dxe4 23. Bxf5 Bxf5 24. Rxf5 $11 Rc2 25. Rxe4 Rxa2 26. Re7 Ra6 27. Rff7 h6 $2 (27... Rg6+ $11 28. Kf2 a5) 28. Rg7+ Kh8 29. Rh7+ Kg8 30. Reg7+ Kf8 31. Rg3 1-0

[Event "34th MPL National U14-ch 2022"]
[Site "Ahmedabad"]
[Date "2022.05.11"]
[Round "5.8"]
[White "Anubhav Rawat"]
[Black "Abhash Roimya Saikia"]
[Result "1-0"]
[ECO "B13"]
[WhiteElo "1329"]
[BlackElo "1794"]
[Annotator "NA RC COMBH"]
[PlyCount "95"]
[EventDate "2022.05.09"]
[EventType "swiss"]
[EventCountry "IND"]
[SourceTitle "playchess.com"]
[Source "ChessBase"]
[SourceQuality "1"]
[TimeControl "5400+30"]

1. e4 c6 2. d4 d5 3. exd5 cxd5 4. c4 Nf6 5. Nc3 Nc6 6. Nf3 Bg4 7. cxd5 Nxd5 8. Qb3 Bxf3 9. gxf3 e6 10. Qxb7 Nxd4 11. Bb5+ Nxb5 12. Qc6+ Ke7 13. Qxb5 Nxc3 14. bxc3 Qd5 15. Bg5+ f6 16. Qxd5 exd5 17. Be3 Ke6 18. O-O Ba3 19. Rfe1 Kd7 20. Rad1 Kc6 21. Rd3 Bc5 22. Bxc5 Kxc5 23. Re7 Rhe8 24. Rd7 Re5 25. Rc7+ Kb5 26. f4 Rf5 27. Rxg7 Rxf4 28. Rxd5+ Kc4 29. Rdd7 Kxc3 30. Rxa7 Ra4 31. Rxa4 Rxa4 32. Rxh7 Rxa2 33. Rh4 Ra5 34. f3 Re5 35. Kf2 Kd3 36. Rf4 Rh5 37. Kg3 f5 38. Rh4 Rg5+ 39. Kf4 Rg8 40. Rh5 Ke2 41. Rxf5 Rh8 42. Kg3 Rg8+ 43. Kh4 Kf2 44. h3 Rh8+ 45. Kg4 Rg8+ 46. Rg5 Rxg5+ 47. Kxg5 Kxf3 48. h4 1-0

[Event "34th MPL National U14-ch 2022"]
[Site "Ahmedabad"]
[Date "2022.05.11"]
[Round "5.9"]
[White "Vaz, Ethan"]
[Black "Daaevik Wadhawan"]
[Result "1-0"]
[ECO "B99"]
[WhiteElo "1792"]
[BlackElo "1603"]
[Annotator "NA RC COMBH"]
[PlyCount "129"]
[EventDate "2022.05.09"]
[EventType "swiss"]
[EventCountry "IND"]
[SourceTitle "playchess.com"]
[Source "ChessBase"]
[SourceQuality "1"]
[TimeControl "5400+30"]

1. e4 c5 2. Nf3 d6 3. d4 cxd4 4. Nxd4 Nf6 5. Nc3 a6 6. Bg5 e6 7. f4 Be7 8. Qf3 Qc7 9. O-O-O Nbd7 10. g4 h6 11. Bxf6 Bxf6 12. h4 Nb6 13. g5 Bxd4 14. Rxd4 Qc5 15. Rd2 Bd7 16. Bd3 O-O-O 17. Rg2 hxg5 18. Rxg5 Qd4 19. Ne2 Qf6 20. Qe3 Na4 21. c3 Kb8 22. h5 Nc5 23. Bc2 e5 24. fxe5 dxe5 25. Rhg1 Qe7 26. Rxg7 Ne6 27. R7g2 Rxh5 28. Rg8 Bb5 29. Bd3 Bxd3 30. Qxd3 Rh8 31. Rxh8 Rxh8 32. Qg3 f6 33. Kb1 Rd8 34. Qe3 Qh7 35. a3 Ng5 36. Ng3 Qh2 37. Qb6 Rd2 38. Rh1 Rxb2+ 39. Qxb2 Qxg3 40. Qb6 Qd3+ 41. Kb2 Nh3 42. Rh2 Qd7 43. a4 Ka8 44. Rg2 Ng5 45. Qxf6 Nxe4 46. Qxe5 Qc6 47. Rg8+ Ka7 48. a5 Nd6 49. Qd4+ b6 50. Rg7+ Ka8 51. Kc2 Qc5 52. Qxc5 bxc5 53. Kb3 Kb8 54. Rd7 Nb7 55. Kc4 Kc8 56. Rxb7 Kxb7 57. Kxc5 Kc7 58. c4 Kb7 59. Kd6 Kb8 60. Kd7 Kb7 61. c5 Ka7 62. c6 Kb8 63. c7+ Ka7 64. Kc6 Ka8 65. c8=Q+ 1-0

[Event "34th MPL National U14-ch 2022"]
[Site "Ahmedabad"]
[Date "2022.05.11"]
[Round "5.10"]
[White "Rohith Krishna S"]
[Black "Md Imran"]
[Result "0-1"]
[ECO "B06"]
[WhiteElo "2337"]
[BlackElo "2122"]
[Annotator "TA"]
[PlyCount "184"]
[EventDate "2022.05.09"]
[EventType "swiss"]
[EventCountry "IND"]
[SourceTitle "playchess.com"]
[Source "ChessBase"]
[SourceQuality "1"]
[TimeControl "5400+30"]

1. e4 g6 2. d4 Bg7 3. Nf3 d5 4. exd5 Nf6 5. h3 O-O 6. Nc3 {[%emt 0:03:05] B06: Modern Defence.} Nxd5 7. Ne4 {[%emt 0:11:16] [#]} Nc6 $146 ({Predecessor:} 7... Nd7 8. Bc4 N5b6 9. Bb3 Nf6 10. Nxf6+ exf6 11. O-O a5 12. a4 Re8 13. c4 c6 {1-0 (60) Zaichik,G-Peresipkin,V Almaty 1977}) 8. Be2 {[%emt 0:06:33] The position is equal.} Ndb4 {[%emt 0:00:32] [#] ...Bf5 is the strong threat.} 9. a3 (9. c3 {is more complex.} Bf5 10. Nfg5 f6 11. g4) 9... Bf5 10. axb4 Bxe4 11. c3 a6 12. Bf4 h6 (12... e5 $11 13. dxe5 Qe7) 13. O-O $16 g5 14. Be5 (14. Bg3 $16) 14... Nxe5 15. Nxe5 c6 (15... Bxe5 $11 16. dxe5 Qxd1 17. Rfxd1 Rfd8) 16. Bf3 Bh7 17. Re1 e6 18. Qb3 Kh8 19. Bh5 Bg8 20. Bf3 (20. Qc2 $16) 20... Qc7 ({Black should play} 20... Bh7 $11) 21. Qc4 $36 {[%emt 0:00:00][%mdl 2048] White is pushing.} Rad8 22. Rad1 Rfe8 23. Qd3 Bf8 (23... Bh7 $14 24. Qf1 Kg8) 24. Qe3 (24. Bh5 $16) 24... Kg7 (24... f6 $14) 25. Qd3 (25. Bh5 $16) 25... Qd6 (25... Kh8 $11) 26. Qc2 (26. Bh5 $16) 26... Ra8 (26... Qc7 $14) 27. Ra1 (27. Bh5 $18) 27... Red8 28. Ra5 Rac8 29. Raa1 (29. Re3 $16) 29... Qe7 (29... Ra8 $1 $11) 30. Rac1 Qf6 31. Qe2 Bd6 32. Rcd1 Qf5 33. Be4 Qf6 34. Bf3 (34. Ng4 $14 Qe7 35. Bc2 (35. Ne5 Bxe5 36. dxe5 Bh7 $11)) 34... Qe7 ({Better is} 34... Qf5 $11) 35. Qc2 Qf8 36. Kf1 Bc7 37. Kg1 (37. Re3 $14) 37... Bh7 (37... Bd6 $1 $11) 38. Be4 Bg8 39. Bf3 (39. Bd3 $14) 39... Ra8 (39... Bh7 $11 {keeps the balance.} 40. Be4 Bxe4 41. Qxe4 Bxe5 42. Qxe5+ (42. dxe5 Rxd1 43. Rxd1 Rd8 $11) 42... Kg8) 40. Ra1 Qe7 41. Kf1 Qf6 42. Kg1 Qf4 (42... Qe7 $11) 43. Qe2 (43. Re3 $16) 43... Bh7 44. Qe3 (44. Rad1 $14) 44... Qxe3 $11 45. Rxe3 a5 {[%emt 0:00:00] [#] Threatens to win with ...axb4.} 46. bxa5 Rxa5 47. Rxa5 Bxa5 48. Be4 Bxe4 49. Rxe4 {[%emt 0:00:01][%mdl 4096] Endgame KRB-KRN} Bc7 50. Nd3 Kf6 51. Re1 Ra8 52. Kf1 Ke7 53. Ke2 Ra5 54. Kd2 Bd6 55. Kc2 h5 56. g4 Ra8 57. Kd2 Rh8 58. Ke2 f5 59. gxf5 exf5 60. Kf3+ Kf6 61. Ra1 g4+ 62. hxg4 $2 {[%emt 0:00:02] Loses the game.} (62. Kg2 $15) 62... fxg4+ $19 63. Kg2 h4 64. Re1 Kf5 65. Ne5 (65. Kg1 $142) 65... Re8 66. f3 $2 (66. f4 {keeps fighting.}) 66... h3+ ({Inferior is} 66... Bxe5 67. fxg4+ Kxg4 68. dxe5 $15) 67. Kg3 gxf3 68. Kxf3 Bxe5 69. dxe5 Rxe5 {[%emt 0:00:00] KR-KR} (69... h2 $142 70. Kg2 Rxe5 71. Rf1+ Kg4) 70. Rh1 Rd5 {[%emt 0:00:00] aiming for ...Rd3+.} 71. Kg3 Rd3+ 72. Kh4 Rf3 (72... Rd2 $142 73. Kxh3 Rxb2) 73. Rxh3 Rxh3+ 74. Kxh3 {[%emt 0:00:01] KPP-KPP} Ke4 {[%emt 0:00:00] Black mates.} 75. Kg4 Kd3 76. Kf4 Kc2 77. Ke5 Kxb2 {[%emt 0:00:00] KPP-KP} 78. Kd4 Kb3 79. Kc5 Kxc3 {[%emt 0:00:00] KP-KP} 80. Kb6 Kb4 81. Kxb7 {[%emt 0:00:09] KP-K} c5 82. Kb6 c4 83. Ka6 c3 84. Kb7 c2 85. Kc6 c1=Q+ 86. Kd5 Qc4+ 87. Ke5 Kc5 88. Kf5 Kd5 89. Kf6 Qf4+ 90. Ke7 Qf5 91. Ke8 Kd6 92. Kd8 Qf8# {[%emt 0:00:00] Weighted Error Value: White=0.30/Black=0.32} 0-1

[Event "34th MPL National U14-ch 2022"]
[Site "Ahmedabad"]
[Date "2022.05.11"]
[Round "6.1"]
[White "Shaik Sumer Arsh"]
[Black "John Veny Akkarakaran"]
[Result "0-1"]
[ECO "E32"]
[WhiteElo "1999"]
[BlackElo "1855"]
[Annotator "TA"]
[PlyCount "140"]
[EventDate "2022.05.09"]
[EventType "swiss"]
[EventCountry "IND"]
[SourceTitle "playchess.com"]
[Source "ChessBase"]
[SourceQuality "1"]
[TimeControl "5400+30"]

1. d4 e6 2. c4 Nf6 3. Nc3 Bb4 4. Qc2 b6 5. e4 c5 6. d5 {[%emt 0:00:15] E32: Nimzo-Indian: Classical (4 Qc2): 4...0-0.} (6. a3 $5 Bxc3+ 7. bxc3 $11) 6... Qe7 7. Nge2 exd5 8. exd5 {[%emt 0:00:10] The position is equal.} d6 9. Bd2 (9. Bg5 $5 ) 9... O-O 10. f3 Nbd7 {[%emt 0:05:52] Strongly threatening ...Ne5.} 11. O-O-O Ne5 12. Ng3 Re8 13. Re1 Qd8 {[%emt 0:01:37] [#]} 14. f4 $146 ({Predecessor:} 14. h3 Bd7 15. f4 Ng6 16. Bd3 Rxe1+ 17. Rxe1 b5 18. Nxb5 Bxb5 19. cxb5 Qa5 20. a3 Bxd2+ 21. Qxd2 Qxd2+ 22. Kxd2 Nxf4 {0-1 (42) Schekachikhin,M (2406)-Baskin,R (2390) Chess.com INT 2020}) 14... Ned7 15. Bd3 {[%emt 0:02:27] Rxe8+ is the strong threat.} Nf8 16. a3 Ba5 17. Rxe8 Nxe8 18. Nce4 (18. Nge4 $14) 18... Bxd2+ $11 19. Qxd2 Nd7 20. Re1 Ndf6 21. Qe3 Bd7 22. Nc3 Nc7 23. Nge4 Qe7 (23... Nxe4 $11 {keeps the balance.} 24. Nxe4 (24. Qxe4 g6 $14) 24... Qf8) 24. Nxf6+ Qxf6 25. Ne4 (25. Qe7 {with more complications.} Re8 26. Qxf6 Rxe1+ 27. Kd2) 25... Qh6 26. Ng5 (26. g4 $5 ) 26... Re8 27. Qg3 f5 28. Rxe8+ Nxe8 29. Qe3 {[%emt 0:00:39] Threatens to win with Qe7.} Qf6 {[%emt 0:00:00] Prevents Qe7.} (29... Qxh2 $2 30. Qe7 Qxf4+ 31. Kb1 Qxg5 32. Qxg5 $18) 30. g4 {[%emt 0:00:32] aiming for Bxf5.} Nc7 31. gxf5 Bxf5 32. Bxf5 Qxf5 {[%emt 0:00:01][%mdl 4096] Endgame KQN-KQN} 33. Ne4 Qd7 34. Qg3 Qe7 {[%emt 0:00:11] Against Nf6+} 35. Qg2 h6 36. f5 Ne8 {[%emt 0:00:30] Prevents f6.} 37. Qe2 (37. Qg4 $11 {remains equal.}) 37... Qe5 $17 38. Ng3 $2 {[%emt 0:00:31] This move loses the game for White.} (38. h3 $17) 38... Qxe2 $19 39. Nxe2 {[%emt 0:00:01] KN-KN} Kf7 40. Ng3 {[%emt 0:00:57] [#]} Kf6 $1 41. Kc2 Ke5 42. Kd3 Kf4 43. b4 (43. Ne4 $142) 43... Nf6 44. bxc5 bxc5 45. Ne2+ Kxf5 46. Nc3 a6 {[%emt 0:00:02] Prevents Nb5.} 47. a4 (47. Ne2 $142 g5 48. Ng3+ Ke5 49. Ke2) 47... g5 48. a5 g4 49. Nb5 Ne8 ({Weaker is} 49... axb5 50. cxb5 Nd7 51. b6 c4+ 52. Kc3 $11 (52. Kxc4 h5 $15)) 50. Nc3 Ke5 51. Ke3 Nf6 52. Ne2 Nh5 {[%emt 0:00:25] Inhibits Nf4. White must now prevent ...Ng7.} 53. Nc3 Ng7 54. Ne4 Nf5+ 55. Kd3 Nd4 56. Nf2 h5 57. Ne4 Nf3 58. Ke3 Nxh2 59. Ng5 Nf1+ 60. Kf2 Nd2 {[%emt 0:00:07] ( -> ...Ne4+)} 61. Nf7+ Kf4 {[%emt 0:03:59] Black mates.} 62. Nxd6 h4 63. Nf7 h3 64. d6 Ne4+ 65. Kf1 h2 66. Kg2 {[%emt 0:00:17] [#]} g3 $1 67. Ne5 Nf2 68. Nd3+ Nxd3 69. d7 Nf2 70. d8=Q h1=Q# {[%emt 0:00:00] Weighted Error Value: White=0.82/Black=0.11 (very precise)} 0-1

[Event "34th MPL National U14-ch 2022"]
[Site "Ahmedabad"]
[Date "2022.05.11"]
[Round "6.2"]
[White "Bagwe Gaurang"]
[Black "Kadam Om Manish"]
[Result "0-1"]
[ECO "B91"]
[WhiteElo "1789"]
[BlackElo "2144"]
[Annotator "TA"]
[PlyCount "112"]
[EventDate "2022.05.09"]
[EventType "swiss"]
[EventCountry "IND"]
[SourceTitle "playchess.com"]
[Source "ChessBase"]
[SourceQuality "1"]
[TimeControl "5400+30"]

1. e4 c5 2. Nf3 d6 3. d4 cxd4 4. Nxd4 Nf6 5. Nc3 a6 6. g3 e5 7. Nde2 Be7 8. Bg2 b5 9. O-O Nbd7 10. h3 Bb7 11. g4 {[%emt 0:01:35] B91: Sicilian Najdorf: 6 g3.} Nc5 12. Ng3 O-O 13. Be3 {[%emt 0:02:09] The position is equal.} Rc8 14. Qd2 g6 {[%emt 0:02:07] [#]} 15. f4 $146 ({Predecessor:} 15. a3 Na4 16. Nxa4 bxa4 17. Rfd1 Qc7 18. Rac1 Bc6 19. b4 axb3 20. cxb3 Qb7 21. Qd3 Rfd8 22. g5 Nd7 23. Bf1 Nb8 24. Bg2 Nd7 25. Bf1 Nb8 {½-½ (25) Pancevski,F (2399)-Szabo,G (2545) Albena 2011}) 15... exf4 16. Rxf4 Ne6 (16... Nfd7 $15) 17. Rf2 {[%emt 0:00:13][%cal Oe4e5] Black must now prevent e5!} (17. Rff1 $5 Nd7 18. Nd5 $11) 17... Nd7 18. Raf1 Ne5 19. Bh6 Bh4 20. Kh2 Nc4 21. Qe1 {[%emt 0:04:01] [#]} Ne5 $1 22. Bxf8 (22. Qd2 Bg5) 22... Qxf8 23. Nd5 Qh6 24. Qd1 Bxd5 (24... Bg5 $15) 25. exd5 $11 Nc5 {[%emt 0:00:00] Pair of Knights!} (25... Ng7 $5 ) 26. Qd4 {[%emt 0:08:34] Against Qe3} (26. Re2 $1 $14) 26... Na4 (26... Ncd7 $11) 27. b3 (27. Re2 $16) 27... Nc3 $1 (27... Rc3 28. Nf5 (28. bxa4 Bxg3+ 29. Kh1 Rc4 $11) 28... gxf5 29. Rxf5 $16) 28. Re1 Qg5 29. Qa7 (29. Qb6 $11 h5 30. Qxd6) 29... f5 (29... h5 $1 $17 30. Qxa6 Re8) 30. Qxa6 (30. Rxe5 $1 $11 dxe5 31. Qxa6 Bxg3+ 32. Kxg3 f4+ 33. Kh2) 30... Re8 $1 $17 {[%emt 0:00:00][%cal Oe5g4] Chess con chili. Black is more active.} 31. Rxe5 Bxg3+ 32. Kxg3 f4+ $1 33. Kh2 Qxe5 34. Rf3 $2 (34. Bf3 $17) 34... b4 ({Not} 34... Nxd5 35. Qxb5 Ne3 36. Qxe5 dxe5 37. c4 $14) (34... Ne2 $142 35. Qxb5 Nd4) 35. Qc4 {[%emt 0:00:49] Against Qd4} Nxd5 (35... Ne4 $1 $19 {Hoping for ...Ng5.} 36. Qxb4 Ng5) 36. Kh1 $11 Kg7 37. Rd3 Ne3 38. Qc7+ (38. Qxb4 $11 {and White stays safe.} Qa1+ 39. Kh2) 38... Re7 (38... Kh8 $19 {has better winning chances.} 39. Qc6 d5) 39. Qxd6 $17 Qxd6 ({But not} 39... Nxc2 $6 40. Kg1 $11 (40. Qxe5+ Rxe5 41. Kg1 Ra5 $15)) 40. Rxd6 Nxc2 {[%emt 0:00:00][%mdl 4096] Endgame KRB-KRN} (40... Kh6 $1 $17 {Threatens to win with ...Kg5.} 41. Rd4 Kg5) 41. Rd2 {[%emt 0:00:00] [#]} (41. g5 $11 {remains equal.}) 41... Re1+ $1 42. Kh2 Ne3 {[%emt 0:00:00] And now ...Kf6 would win.} 43. g5 {[%emt 0:00:00] [#]} h5 (43... Kf7 $1 $17 {[%cal Of4f3] ...f3! is the strong threat.} 44. Bd5+ Nxd5 45. Rxd5 Ke6) 44. Rf2 Rd1 {[%emt 0:00:00] aiming for ...Rd4.} 45. Bc6 Rd4 46. a4 $2 (46. Be8 $15) 46... bxa3 $19 {[%emt 0:00:00][%cal Od4d2] ( -> ...Rd2!)} 47. Ra2 {[%emt 0:00:14] [#] Inhibits Rd2+.} Rd2+ $3 {[%emt 0:00:00][%mdl 512] Black mates.} 48. Rxd2 Nf1+ 49. Kg2 Nxd2 {[%emt 0:00:00] KB-KN} 50. b4 a2 51. b5 a1=Q 52. b6 Qf1+ 53. Kh2 Qf2+ 54. Kh1 Nf1 55. Bg2 Ng3+ 56. Kh2 f3 {[%emt 0:00:00] Weighted Error Value: White=0.68/Black=0.24 (precise)} 0-1

[Event "34th MPL National U14-ch 2022"]
[Site "Ahmedabad"]
[Date "2022.05.11"]
[Round "6.3"]
[White "Arpith S Bijoy"]
[Black "Bharadia Yash"]
[Result "1/2-1/2"]
[ECO "E05"]
[WhiteElo "1713"]
[BlackElo "1924"]
[Annotator "TA"]
[PlyCount "104"]
[EventDate "2022.05.09"]
[EventType "swiss"]
[EventCountry "IND"]
[SourceTitle "playchess.com"]
[Source "ChessBase"]
[SourceQuality "1"]
[TimeControl "5400+30"]

1. d4 Nf6 2. c4 e6 3. g3 d5 4. Bg2 Be7 5. Nf3 O-O 6. O-O dxc4 7. Qa4 a6 8. Qxc4 b5 9. Qc2 Bb7 10. Nbd2 Nbd7 11. Nb3 Be4 {[%emt 0:00:00] E05: Open Catalan: 5 Nf3 Be7.} 12. Qd1 c5 13. dxc5 Nxc5 14. Nxc5 Bxc5 15. Bf4 {[%emt 0:00:51] Against Qb8} Qb6 16. Ne5 Rfd8 {[%emt 0:00:00] Prevents Nd7.} 17. Qb3 {[%emt 0:01:45] [#]} Rac8 $146 ({Predecessor:} 17... Bd5 18. Bxd5 Nxd5 19. Nd3 Nxf4 20. gxf4 Bd4 21. Rac1 Rd5 22. Qc2 Rad8 23. Qc7 Qxc7 24. Rxc7 {0-1 (54) Bonay Toscas,S (1722)-Garcia Ruiz,A (1920) Hospitalet de Llobregat 2019}) 18. Bg5 (18. Bxe4 $15 Nxe4 19. Qf3) 18... Bxg2 19. Kxg2 Qb7+ (19... Bd4 $15 20. Bxf6 gxf6) 20. Qf3 $11 Qxf3+ 21. Kxf3 Bd4 22. Nd3 Rc2 23. Rac1 Rcc8 24. Rxc8 Rxc8 25. Rc1 Rxc1 26. Bxc1 {[%emt 0:00:05][%mdl 4096] Endgame KBN-KBN} e5 {[%emt 0:00:00] [#] White must now prevent ...e4+.} 27. e4 Nd7 $1 28. b3 a5 29. Ba3 f6 30. Ke2 Kf7 31. Ne1 Ke6 (31... b4 $5 32. Bc1 g6 $11) 32. Nc2 Bb6 33. Bc1 Kd6 34. f3 Bc5 35. h3 Nb6 36. Bd2 b4 37. Ne3 g6 {[%emt 0:00:49] Against Nf5+} 38. Kd3 Kc6 39. Nc4 Kb5 ({Black should play} 39... Nxc4 $11 40. Kxc4 Bf2) 40. Nxb6 $1 $14 Bxb6 {[%emt 0:00:04] KB-KB} 41. Bh6 g5 ({Better is} 41... Bc5 $11) 42. Bf8 {[%emt 0:00:25] [#] Be7 is the strong threat.} Bc5 {[%emt 0:00:05] Inhibits Be7.} 43. Bh6 (43. Bg7 $5 Be7 44. Bh6 $11) 43... a4 44. h4 axb3 45. axb3 gxh4 46. gxh4 Bd6 47. h5 Kc5 48. Ke3 Kc6 49. f4 exf4+ {[%emt 0:00:59] The position is equal.} 50. Bxf4 Bxf4+ 51. Kxf4 {[%emt 0:00:07] Threatening mate with Kf5.} Kd6 52. Kf5 Kc6 $2 {[%emt 0:04:28][%mdl 40960] Weighted Error Value: White=0.07 (flawless) /Black=0.13 (very precise) . An unexpected result.} (52... Ke7 $11) 1/2-1/2